 Dungeon Crawl Stone Soup version 0.31.0-11-ge490571c62 (webtiles) character file.

Game seed: 2373523037961308255

63 dialectric the Trooper (level 4, -1/29 HPs)
             Began as a Gargoyle Fighter on Jan 31, 2024.
             Was a Believer of Lugonu.
             Slain by a ribbon worm (3 damage)
             ... on level 3 of the Dungeon.
             The game lasted 00:02:22 (1451 turns).

dialectric the Trooper (Gargoyle Fighter)           Turns: 1451, Time: 00:02:23

Health: -1/29      AC: 14    Str: 21    XL:     4   Next: 9%
Magic:  4/4        EV:  8    Int:  9    God:    Lugonu [**....]
Gold:   132        SH:  0    Dex:  9    Spells: 3/3 levels left

rFire   . . .        a - +0 flail
rCold   . . .        (no shield)
rNeg    + . .        h - +0 chain mail
rPois   ∞            (no helmet)
rElec   +            i - +0 cloak
rCorr   .            (no gloves)
SInv    .            (no boots)
Will    .....        (no amulet) Stlth
                     (no ring)
HPRegen 0.24/turn    (no ring)
MPRegen 0.09/turn

%: no passive effects
@: mighty
A: sickness immunity, AC +3, negative energy resistance 1, electricity
resistance, torment resistance 1, petrification resistance
a: Renounce Religion, Depart the Abyss, Banish


You were on level 3 of the Dungeon.
You worshipped Lugonu.
Lugonu was pleased with you.
You visited 1 branch of the dungeon, and saw 3 of its levels.

You collected 132 gold pieces.

Inventory:

Hand Weapons
 a - a +0 flail (weapon)
Armour
 b - a +0 scale mail
 c - a +0 buckler
 h - a +0 chain mail (worn)
 i - a +0 cloak (worn)
Talismans
 j - a maw talisman
Scrolls
 e - a scroll of immolation
 f - a scroll of noise {unknown}
 k - a scroll of vulnerability {unknown}
 l - a scroll of blinking {unknown}
 m - a scroll of identify {unknown}
Potions
 g - a potion of curing {unknown}


   Skills:
 + Level 4.1 Fighting
 + Level 2.9 Maces & Flails
 + Level 3.8 Armour
 * Level 0.5 Dodging
 - Level 3.2 Shields


You had 3 spell levels left.
You didn't know any spells.
Your spell library was empty.

Dungeon Overview and Level Annotations

Branches:
Dungeon (3/15)

Altars:
Fedhas
Lugonu

Annotations:
D:3 Greth's ghost, weakling FeSh


Innate Abilities, Weirdness & Mutations

You are immune to sickness and miasma.
Your stone body is resilient. (AC +3)
You are immune to poison.
You resist negative energy. (rN+)
You are resistant to electric shocks. (rElec)
You are resistant to unholy torment.
You are immune to petrification.


Message History

A hobgoblin comes into view.
The hobgoblin shouts!
You hear a shout!
A hobgoblin is nearby!
A ribbon worm comes into view.
There are monsters nearby!
An ogre comes into view. It is wielding a +0 giant spiked club.
The ogre shouts!
The hobgoblin hits you.
You completely miss the hobgoblin.
The hobgoblin hits you but does no damage.
You hit the hobgoblin.
You kill the hobgoblin!
Lugonu accepts your kill. The ogre closely misses you.
The ribbon worm expels a string of sticky webbing.
The stream of webbing hits you but does no damage.
You are caught in a web!
Unknown command.
The web tears apart.
You feel very mighty all of a sudden.
The ogre hits you with a +0 giant spiked club.
You thump the ogre!
The ogre is heavily wounded.
The ribbon worm expels a string of sticky webbing.
The stream of webbing hits you but does no damage.
You are caught in a web!
The ogre hits you with a +0 giant spiked club!
Ouch! That really hurt!
The web tears apart.
You barely miss the ogre.
The ogre is heavily wounded.
The ogre closely misses you.
The ribbon worm bites you but does no damage.
Unknown command.
You hit the ogre.
The ogre is severely wounded.
The ogre hits you with a +0 giant spiked club!
* * * LOW HITPOINT WARNING * * *
The ribbon worm bites you.
You die...

#...#.....#..........
####.#.....#.......#..
.....#######.#........ .
##.#.........#.....>..8.
#. ####..##......#.....#
# ##......##...#.#..# #.
##....#####...# ..#
#.#.............#.#.#
#.........###..@O...#
#.##....#.##$...w...#
#.................#.#
####...########......#
#..## ##......# #####..#
..#..8. .......# .......
..†....# ..#....
.......#


You could see an ogre and a ribbon worm (catching breath).

Vanquished Creatures
  An adder (D:3)
  2 ribbon worms (D:2)
  2 dart slugs
  5 ball pythons
  4 endoplasms
  6 giant cockroaches
  3 goblins
  4 hobgoblins
  3 kobolds (D:1)
  A quokka (D:1)
  4 bats (D:1)
  4 frilled lizards
  4 rats (D:1)
43 creatures vanquished.

Notes
Turn   | Place    | Note
-------+----------+-------------------------------------------
     0 | D:1      | dialectric the Gargoyle Fighter began the quest for the
                  | Orb.
     0 | D:1      | Reached XP level 1. HP: 14/14 MP: 1/1
    91 | D:1      | Reached XP level 2. HP: 17/20 MP: 2/2
   147 | D:1      | Found a faded altar of an unknown god.
   178 | D:1      | Prayed at the altar of an unknown god.
   178 | D:1      | Became a worshipper of Lugonu the Unformed
   178 | D:1      | Reached * piety under Lugonu
   418 | D:1      | Reached skill level 4 in Fighting
   419 | D:1      | Reached XP level 3. HP: 24/24 MP: 3/3
  1217 | D:3      | Found a blossoming altar of Fedhas.
  1336 | D:3      | Reached XP level 4. HP: 28/29 MP: 4/4
  1337 | D:3      | Reached ** piety under Lugonu
  1368 | D:3      | Noticed Greth's ghost (weakling FeSh)
  1368 | D:3      | Noticed an ogre
  1443 | D:3      | Noticed an ogre
  1451 | D:3      | Slain by a ribbon worm

Illustrated notes

Levels and vault maps discovered:
D:1:      dpeg_arrival_prison, layout_loops_ring,
          hellmonk_ecumenical_altar_blasted
D:2:      layout_loops_cross
D:3:      layout_loops_cross, nicolae_overflow_ecumenical_swirl,
          amcnicky_altar_gilded, minitemple, jmf_multi_god_temple2,
          gammafunk_ghost_smash, kennysheep_path_1, minmay_misc_feat_rows,
          amcnicky_mini_rare_corridor_liquid, nrook_mini_vaults, corexii_shack

Skill      XL: |  1  2 |
---------------+-------+-----
Fighting       | 4 |  4.1
Maces & Flails | |  2.9
Armour         | |  3.8
Dodging        | |  0.5
Shields        | |  3.2

Action                     |  1- 3 |  4- 6 || total
---------------------------+-------+-------++-------
  Melee: Flail             |   130 |    10 ||   140
    Use: Potion            |       |     1 ||     1
 Armour: Scale mail        |    54 |       ||    54
         Chain mail        |    64 |     8 ||    72
  Dodge: Dodged            |    81 |     5 ||    86
